← All builds
Tech / Armada / Economy first / OBSERVED BUILD

Standard tech

Armada Tech (Eco) build order · Supreme Isthmus

Rushes T2 by 4:15, gets Advanced Metal Extractor around 5:28, hands off T2 constructors to Geo and the team, then scales eco and supplies the team's T2 needs through the rest of the game.

Usually first T2 con to Geo (83%)

#eco #t2 #team support · 1574 distinct matches · 255 players · 58% of Armada Tech games · team won 53% of 1868 · Recently observed

HOW TO PLAY IT

Key timing: T2 factory by 4:15

  1. Open 3 mex and heavy wind to fund a fast T2 rush.
  2. Put down Bot Lab, planning to eat it for reclaim soon after.
  3. Get Advanced Bot Lab up, hitting the T2 factory rush timing.
  4. Upgrade mex to Advanced Metal Extractor to lock in team metal income.
  5. Eat Advanced Bot Lab and keep sending cons to Geo and Pond.

Phase by phase

TYPICAL OF ITS 1574 GAMES
  1. 1
  2. 2
  3. 3
  4. 4
PLAY THE OPENING

Follow the example game's first 6:00 step by step: what to build now, what comes next, and where it goes. At 1× it keeps pace with your own game.

  1. 1

    Up to the Bot Lab

    Economy
    • Metal Extractor3Mex
    • Wind Turbine4Wind
    Order
    1. Bot LabBot Lab after 3 mex, 4 winddone ~1:18, middle half 1:13–1:32

    Some games also: energy storage (31%)

    By 1:01 in all: 3 mex · 4 wind

    The example game in this phase · 3 steps
    1. Mex ×3
    2. Wind ×4
    3. Bot LabBot Labdone 1:15 · typical 1:18
  2. 2

    Bot Lab to Advanced Bot Lab

    Economy
    • Metal Extractor1Mex
    • Wind Turbine8Wind
    • Energy Storage1Energy storage
    Order
    1. Advanced Bot LabAdvanced Bot Lab after 4 mex, 12 wind, 3 con turretdone ~4:16, middle half 4:04–4:30
    Builders
    • Construction Turret3 Con turret
    • Lazarus3 Lazarus
    • Construction Bot2 Con bot
    • Construction Bot1 Con bot for allies

    Some games also: converter (36%)

    By 3:18 in all: 4 mex · 12 wind · 1 energy storage · 3 con turret

    The example game in this phase · 21 steps
    1. Energy storage
    2. LazarusLazarus
    3. Wind
    4. LazarusLazarus
    5. Energy storage
    6. LazarusLazarus
    7. Wind
    8. Construction BotCon bot
    9. Wind
    10. Construction BotCon botfor Air
    11. Construction BotCon bot
    12. Wind
    13. Con turret
    14. Mex
    15. Con turret
    16. Wind ×4
    17. Converter
    18. Wind
    19. Converter ×3
    20. Wind
    21. Advanced Bot LabAdvanced Bot Labdone 4:56 · typical 4:16
  3. 3

    Advanced Bot Lab to 5:00

    Economy
    • Wind Turbine3Wind
    Order
    1. Bot LabEat Bot Lab
    Builders
    • Advanced Construction Bot1 T2 con bot for allies

    Some games also: converter (35%)

    By 5:00 in all: 4 mex · 15 wind · 1 converter · 1 energy storage · 3 con turret

    The example game in this phase · 4 steps
    1. Wind
    2. Bot LabEat Bot Labreclaimed for its metal
    3. Wind ×2
    4. Advanced Construction BotT2 con botfor Geo
  4. 4

    5:00 to 10:00

    Economy
    • Wind Turbine43Wind
    • Energy Converter6Converter
    Builders
    • Butler9 Butler
    • Advanced Construction Bot4 T2 con bot for allies
    • Advanced Construction Bot1 T2 con bot

    Some games also: con turret (43%) · Butler for allies (37%)

    By 10:00 in all: 4 mex · 58 wind · 8 converter · 1 energy storage · 3 con turret

    The example game in this phase · 137 steps
    1. Advanced Construction BotT2 con botfor Air
    2. Wind ×2
    3. Advanced Metal ExtractorT2 mex ×3done 6:15 · typical 5:29
    4. Wind ×2
    5. FatboyFatboyfor Ponddone 7:49
    6. Wind ×4
    7. Advanced Construction BotT2 con botfor Geo sea
    8. ButlerButler ×3
    9. Advanced Metal ExtractorT2 mex
    10. ButlerButler ×8
    11. Converter
    12. ButlerButler
    13. Converter
    14. Wind ×3
    15. Converter
    16. Wind ×3
    17. Converter
    18. Wind ×3
    19. Converter
    20. Wind ×3
    21. Advanced Construction BotT2 con botfor Pond
    22. Wind
    23. Converter
    24. Wind ×3
    25. Converter
    26. Wind ×4
    27. Advanced Construction BotT2 con botfor Front
    28. Wind
    29. Converter
    30. Wind ×5
    31. Converter
    32. Wind
    33. Advanced Construction BotT2 con botfor Beach sea
    34. Wind ×4
    35. Converter
    36. Wind ×4
    37. Converter
    38. Wind ×3
    39. Advanced Construction BotT2 con bot
    40. Wind ×2
    41. Converter
    42. Wind ×6
    43. Converter
    44. Wind ×3
    45. Converter
    46. Wind ×3
    47. ButlerButler
    48. Wind ×3
    49. Converter
    50. Wind ×3
    51. ButlerButler
    52. Converter
    53. Wind ×5
    54. Converter
    55. ButlerButler
    56. CitadelAnti-nukedone 12:48
    57. Wind ×4
    58. Converter
    59. Wind
    60. ButlerButler
    61. Wind ×3
    62. Converter
    63. Wind ×4
    64. ButlerButler
    65. Wind
    66. Converter
    67. Wind ×4
    68. Converter
    69. Wind
    70. ButlerButler
    71. Wind ×3
    72. Converter
    73. Wind ×5
    74. Converter
    75. Wind ×4
    76. Converter
    77. Wind ×6
    78. Converter
    79. Wind ×5
    80. Converter
    81. Wind ×4
    82. Converter
    83. Wind ×3
    84. Converter
    85. Wind ×2
    86. Fusion ReactorFusiondone 13:50
    87. Wind ×3
    88. Converter
    89. Wind ×5
    90. Converter
    91. Wind ×4
    92. Converter
    93. Wind ×2
    94. Converter
    95. Wind ×5
    96. Converter
    97. Wind ×4
    98. Converter
    99. Wind ×4
    100. Converter
    101. Wind ×6
    102. Converter
    103. Wind ×4
    104. Converter
    105. Wind ×5
    106. Converter
    107. Wind ×3
    108. Fusion ReactorFusion
    109. Wind ×2
    110. Converter
    111. Wind ×9
    112. Converter ×2
    113. Wind ×4
    114. Converter ×2
    115. Wind ×6
    116. Converter ×2
    117. Wind ×4
    118. Converter
    119. Wind
    120. Converter
    121. Wind ×4
    122. Converter
    123. Wind
    124. Converter
    125. Wind ×3
    126. Converter
    127. Wind ×2
    128. Converter
    129. Wind ×3
    130. Con turret
    131. Converter
    132. Advanced Fusion ReactorAdvanced Fusion Reactornot finished by 15:00
    133. Wind ×2
    134. Converter
    135. Wind ×4
    136. Converter ×2
    137. Wind ×2

Counts are medians over the build's games: half of them build more, half fewer. The example game is Ricecrispyguy's (32 OS, 15/08/2026); pick another.

Team trades

IN AT LEAST 30% OF ITS GAMES

You hand over

  • Construction Bot1 Con bot to Airfirst at 2:24 · in 84% of games
  • Advanced Construction Bot5 T2 con bot to Air or Geo sea or Pondfirst at 4:50 · in 99% of games
  • Butler2 Butler to Geo sea or Beach sea or Pondfirst at 9:07 · in 42% of games

You get

  • Hercules1 Light transport from Airfirst at 4:01 · in 86% of games

How it plays out

Typical game of this build, running totals by minute

Metal produced

020k40k
0:005:0010:0015:00

metal

Enemy metal destroyed

050100
0:005:0010:0015:00

metal

Own metal lost

050100150
0:005:0010:0015:00

metal

1868 games.

Show as table
ByMetal produced: This buildEnemy metal destroyed: This buildOwn metal lost: This build
1:0038300
2:0091500
3:00165100
4:00314300
5:00484800
6:00580000
7:00722700
8:00906100
9:001116900
10:001350200
11:001623900
12:001965200
13:002344100
14:0027357074
15:003153885130
WHAT THE NUMBERS SAY

Standard Tech play barely fights at all early, instead pouring metal into T2 infrastructure and constructors for the team.

  • + Metal produced hits 31679 by 15:00, by far the highest of any role here.
  • + T2 factory reached in 97% of games by 4:15, fastest and most reliable T2 timing.
  • − Enemy metal destroyed stays at 0 through 10:00, no early offense at all.
  • − Own metal lost also near 0, showing total avoidance of combat risk.
THE EXAMPLE YOU ARE READING

Ricecrispyguy

32.0 OS · 15/08/2026

Open source match ↗

3 received units
2767 metal received · 80424 energy received

Allied construction assistance is unknown. Timings are observations, not a promise of solo reproducibility.

Typical milestones

Bot Lab1:18Middle 50%: 1:13–1:32 · n=1868
Advanced Bot Lab4:16Middle 50%: 4:04–4:30 · n=1861
Advanced Metal Extractor5:29Middle 50%: 5:06–5:59 · n=1864

Played most by

Amrissa93games of this buildTheGeneraI66games of this buildAdeus57games of this buildEl_Turco56games of this buildKOT_43games of this build